General information
- name: BNet
- type: Ladder team game (AT/RT)
- host: Battle.net
- saver: Euron-Greyjoy
map: DragonFalls
- players: 8
- length: 16:13
- speed: Fast
- version: 1.26 W3XP
- replay type: Public
» download(82 KB)
Players
team 1 (winner)
xXPIFFSTER1Xx (
blue | 43 APM | 700 actions | 16:11)
2 Blademaster
1 Wind Walk
1 Critical Strike
» actions
| Basic commands | 29 | |
| Build / train | 43 | |
| Enter build submenu | 26 | |
| Enter hero's abilities submenu | 2 | |
| Remove unit from queue | 1 | |
| Right click | 268 | |
| Select / deselect | 268 | |
| Use ability | 63 | |
700 total
» units
» upgrades
| Pillage | 1 | |
| Melee Weapons | 2 | |
| Armor | 1 | |
| Ensnare | 1 | |
5 total
» buildings
| Altar of Storms | 1 | |
| Orc Burrow | 5 | |
| Voodoo Lounge | 1 | |
| War Mill | 1 | |
| Watch Tower | 14 | |
| Stronghold | 1 | |
| Beastiary | 2 | |
| Fortress | 1 | |
26 total
» build order
00:22 Altar of Storms
00:37 Orc Burrow
00:53 Voodoo Lounge
01:14 War Mill
01:38 Orc Burrow
04:44 Watch Tower
05:11 Watch Tower
05:13 Watch Tower
05:28 Watch Tower
05:31 Watch Tower
06:34 Stronghold
06:56 Watch Tower
06:58 Watch Tower
07:33 Watch Tower
08:13 Watch Tower
08:25 Watch Tower
08:58 Beastiary
10:28 Beastiary
10:52 Orc Burrow
11:13 Watch Tower
11:14 Watch Tower
11:17 Watch Tower
13:10 Watch Tower
13:31 Fortress
13:39 Orc Burrow
14:11 Orc Burrow
» items
| Healing Salve | 3 | |
| Lesser Clarity Potion | 2 | |
| Scroll of Speed | 2 | |
| Potion of Healing | 1 | |
| Scroll of Town Portal | 1 | |
| Orb of Lightning | 1 | |
10 total

»
ddorf (
yellow | 37 APM | 596 actions | 16:11)
4 Blademaster
2 Wind Walk
2 Critical Strike
» actions
| Assign group hotkey | 81 | |
| Basic commands | 4 | |
| Build / train | 38 | |
| Enter build submenu | 12 | |
| Enter hero's abilities submenu | 4 | |
| Right click | 178 | |
| Select / deselect | 89 | |
| Select group hotkey | 159 | |
| Use ability | 31 | |
596 total
» units
» upgrades
| Ranged Weapons | 3 | |
| Envenomed Spears | 1 | |
| Armor | 2 | |
6 total
» buildings
| Altar of Storms | 1 | |
| Orc Burrow | 6 | |
| Voodoo Lounge | 1 | |
| War Mill | 1 | |
| Stronghold | 2 | |
| Beastiary | 3 | |
| Fortress | 1 | |
15 total
» build order
00:06 Altar of Storms
00:10 Orc Burrow
01:00 Voodoo Lounge
01:33 Orc Burrow
02:34 War Mill
03:19 Stronghold
03:59 Orc Burrow
04:04 Orc Burrow
04:31 Orc Burrow
05:51 Beastiary
05:56 Beastiary
06:04 Orc Burrow
06:36 Beastiary
09:32 Fortress
» items
| Healing Salve | 1 | |
| Lesser Clarity Potion | 2 | |
| Scroll of Speed | 1 | |
4 total
Euron-Greyjoy (
pink | 39 APM | 631 actions | 16:13)
1 Far Seer
1 Far Sight
» actions
| Assign group hotkey | 15 | |
| Basic commands | 87 | |
| Build / train | 35 | |
| Enter build submenu | 19 | |
| Enter hero's abilities submenu | 1 | |
| Right click | 148 | |
| Select / deselect | 197 | |
| Select group hotkey | 73 | |
| Use ability | 56 | |
631 total
» units
» upgrades
| Pillage | 1 | |
| Melee Weapons | 3 | |
| Ensnare | 1 | |
| Berserker Strength | 1 | |
6 total
» buildings
| Altar of Storms | 1 | |
| Orc Burrow | 5 | |
| Barracks | 1 | |
| War Mill | 1 | |
| Stronghold | 1 | |
| Beastiary | 1 | |
| Fortress | 1 | |
| Watch Tower | 8 | |
19 total
» build order
00:04 Altar of Storms
00:13 Orc Burrow
00:17 Orc Burrow
00:53 Barracks
01:38 Orc Burrow
02:39 Orc Burrow
03:41 War Mill
04:09 Stronghold
05:57 Orc Burrow
06:32 Beastiary
06:37 Fortress
10:25 Watch Tower
10:26 Watch Tower
10:32 Watch Tower
10:33 Watch Tower
10:36 Watch Tower
10:37 Watch Tower
10:50 Watch Tower
10:52 Watch Tower
ObiWanKillNooby (
orange | 35 APM | 574 actions | 16:11)
4 Mountain King
2 Storm Bolt
2 Bash
3 Archmage
2 Summon Water Elemental
1 Brilliance Aura
» actions
| Basic commands | 100 | |
| Build / train | 51 | |
| Enter build submenu | 25 | |
| Enter hero's abilities submenu | 7 | |
| Give item / drop item | 3 | |
| Right click | 126 | |
| Select / deselect | 214 | |
| Use ability | 48 | |
574 total
» units
| Peasant | 16 | |
| Rifleman | 6 | |
| Siege Engine | 3 | |
25 total
» upgrades
| Gunpowder | 2 | |
| Armor | 1 | |
| Long Rifles | 1 | |
| Lumber Harvesting | 1 | |
| Masonry | 2 | |
| Plating | 2 | |
| Barrage | 1 | |
10 total
» buildings
| Altar of Kings | 2 | |
| Farm | 9 | |
| Barracks | 2 | |
| Blacksmith | 2 | |
| Keep | 2 | |
| Town Hall | 4 | |
| Arcane Vault | 1 | |
| Castle | 1 | |
| Lumber Mill | 1 | |
| Workshop | 3 | |
27 total
» build order
00:16 Altar of Kings
00:25 Farm
01:02 Barracks
01:17 Blacksmith
01:30 Farm
02:06 Farm
02:43 Farm
03:48 Keep
04:49 Town Hall
05:01 Arcane Vault
05:29 Farm
06:10 Castle
06:36 Lumber Mill
07:19 Barracks
08:31 Workshop
08:35 Workshop
09:07 Workshop
09:16 Farm
10:02 Farm
10:48 Farm
11:30 Farm
12:05 Town Hall
14:15 Town Hall
15:27 Keep
15:32 Altar of Kings
15:36 Blacksmith
16:07 Town Hall
» items
| Healing Salve | 2 | |
| Orb of Fire | 1 | |
| Scroll of Town Portal | 1 | |
4 total
team 2 (loser)
IWilWatchYouDie (
green | 20 APM | 27 actions | 01:20)
» actions
| Assign group hotkey | 2 | |
| Build / train | 8 | |
| Enter build submenu | 2 | |
| Right click | 3 | |
| Select / deselect | 9 | |
| Select group hotkey | 1 | |
| Use ability | 2 | |
27 total
» units
» buildings
| Altar of Storms | 1 | |
| Orc Burrow | 1 | |
2 total
» build order
00:10 Altar of Storms
00:12 Orc Burrow

»
DisWinIs4Africa (
red | 101 APM | 161 actions | 01:35)
» actions
| Build / train | 11 | |
| Enter build submenu | 5 | |
| Remove unit from queue | 1 | |
| Right click | 117 | |
| Select / deselect | 21 | |
| Use ability | 6 | |
161 total
» units
» buildings
| Altar of Elders | 1 | |
| Moon Well | 2 | |
| Ancient of War | 1 | |
4 total
» build order
00:14 Altar of Elders
00:21 Moon Well
00:38 Ancient of War
01:28 Moon Well
Balon-Greyjoy (
purple | 73 APM | 1178 actions | 16:11)
1 Far Seer
1 Feral Spirit
» actions
| Basic commands | 32 | |
| Build / train | 6 | |
| Enter build submenu | 9 | |
| Enter hero's abilities submenu | 1 | |
| Right click | 1005 | |
| Select / deselect | 105 | |
| Use ability | 20 | |
1178 total
» units
» buildings
| Altar of Storms | 1 | |
| Orc Burrow | 2 | |
| Barracks | 2 | |
5 total
» build order
00:04 Altar of Storms
00:20 Orc Burrow
01:06 Barracks
02:07 Barracks
08:06 Orc Burrow
LovedAtOnePoint (
teal | 31 APM | 507 actions | 16:11)
1 Archmage
1 Blizzard
1 Warden
1 Blink
» actions
| Basic commands | 78 | |
| Build / train | 30 | |
| ESC pressed | 24 | |
| Enter build submenu | 5 | |
| Enter hero's abilities submenu | 2 | |
| Give item / drop item | 1 | |
| Right click | 133 | |
| Select / deselect | 149 | |
| Use ability | 85 | |
507 total
» units
» buildings
| Altar of Kings | 1 | |
| Farm | 3 | |
| Town Hall | 1 | |
5 total
» build order
00:05 Altar of Kings
00:05 Farm
11:10 Farm
11:13 Farm
15:26 Town Hall
Chat log
(00:17 / Allies) xXPIFFSTER1Xx: bm rush?
(00:21 / Allies) ddorf: yea
(00:24 / Allies) xXPIFFSTER1Xx: okk
(00:42 / All) LovedAtOnePoint: niggers need to go
(00:48 / All) ddorf: z
(01:23 / All) ddorf: gg
(01:31 / All) DisWinIs4Africa: wc3 is dead
(01:35 / All) LovedAtOnePoint: no shit
(01:36 / All) ddorf: not really
(01:52 / All) LovedAtOnePoint: well
(01:58 / All) xXPIFFSTER1Xx: just stupid ppl
(02:09 / All) LovedAtOnePoint: from a biological standpoint, WC3 was never alivve to begin with
(02:17 / All) xXPIFFSTER1Xx: oooooooooooooooooooooooooooooooooooo
(02:38 / All) LovedAtOnePoint: GOGO YELLOW GOGO
(02:45 / All) ddorf: lol
(03:00 / All) Euron-Greyjoy: I'm leading a band of Raiders
(03:04 / All) LovedAtOnePoint: o.O
(03:09 / All) LovedAtOnePoint: I see grunts
(03:09 / All) LovedAtOnePoint: 2
(03:14 / All) Euron-Greyjoy: Into the Western Seas.
(03:26 / All) LovedAtOnePoint: whoa
(03:47 / All) Euron-Greyjoy: Fight until the end!
(04:17 / Allies) ddorf: attack already
(04:20 / Allies) ddorf: why prolong i
(04:29 / All) LovedAtOnePoint: lol blue
(04:36 / All) LovedAtOnePoint: dem peons
(04:39 / All) LovedAtOnePoint: :)
(04:40 / All) LovedAtOnePoint: GET TO THE MUSTANG
(04:40 / All) Euron-Greyjoy: You haven't seen the end of The Silence.
(04:41 / All) LovedAtOnePoint: GET TO THE MUSTANG
(04:58 / Allies) xXPIFFSTER1Xx: u suck
(05:12 / All) LovedAtOnePoint: purp wants you 2 help hem
(06:04 / All) LovedAtOnePoint: GET OFF ME
(06:07 / All) LovedAtOnePoint: HAHAHAH
(06:28 / All) Balon-Greyjoy: Balon wins this battle.
(06:36 / All) LovedAtOnePoint: who?
(06:44 / Allies) xXPIFFSTER1Xx: kill pink
(06:52 / All) ddorf: pink lol
(06:56 / All) LovedAtOnePoint: :)
(06:57 / All) Balon-Greyjoy: Balon Grejoy
(06:59 / All) LovedAtOnePoint: penk ^^
(07:04 / All) LovedAtOnePoint: rofl
(07:05 / All) Euron-Greyjoy: Stand and fight coward!
(07:08 / All) LovedAtOnePoint: why are you killing pink
(07:09 / All) ddorf: rofl
(07:39 / All) LovedAtOnePoint: <3 Blue
(07:41 / All) Euron-Greyjoy: Yellow assist me in killing these milk drinkers!
(07:47 / All) LovedAtOnePoint: =O
(07:49 / All) LovedAtOnePoint: DO IT YELLOW
(08:28 / All) LovedAtOnePoint: KILL THE HERO
(08:43 / All) LovedAtOnePoint: OK FUCKHEAD
(08:45 / All) LovedAtOnePoint: GET KILLED THEN
(11:50 / All) ddorf: pink lol
(11:54 / All) LovedAtOnePoint: lol pink
(11:58 / Allies) ddorf: pink
(11:59 / All) ddorf: lol
(12:04 / All) LovedAtOnePoint: pink
(12:05 / All) LovedAtOnePoint: gogo
(12:07 / All) Euron-Greyjoy: For Glory!
(12:08 / All) LovedAtOnePoint: you guys have to tp
(12:19 / All) LovedAtOnePoint: Im hiding a town hall
(12:20 / All) ddorf: lol
(12:22 / All) LovedAtOnePoint: you have to tp
(12:22 / All) ddorf: pink
(12:31 / All) LovedAtOnePoint: wtf OJ is creeping ROFL
(12:39 / All) ddorf: i know hes dumb
(12:53 / All) LovedAtOnePoint: ROFL
(12:56 / All) LovedAtOnePoint: pink just owned him
(13:05 / All) ddorf: pink lol
(13:17 / All) LovedAtOnePoint: <3 Penk
(13:19 / All) ddorf: oj has tanks
(13:20 / All) ddorf: lol
(13:22 / All) LovedAtOnePoint: LOL
(13:24 / All) Euron-Greyjoy: For the Drowned God!
(13:57 / All) Euron-Greyjoy: Burn them all!
(13:59 / All) LovedAtOnePoint: BRING IT
(14:17 / All) ddorf: mass wyvs
(14:17 / Allies) xXPIFFSTER1Xx: ojjjjjjjjjjj
(14:19 / All) ddorf: how cliche
(14:22 / All) LovedAtOnePoint: ^
(14:29 / All) LovedAtOnePoint: lol look at blue
(14:35 / All) ddorf: lol
(14:36 / Allies) xXPIFFSTER1Xx: lol
(14:42 / All) LovedAtOnePoint: LOL HE RAN
(15:00 / All) Euron-Greyjoy: He is craven.
(15:23 / All) xXPIFFSTER1Xx: lol u died
(15:27 / All) LovedAtOnePoint: lol
(15:28 / All) LovedAtOnePoint: GET TO THE MUSTANG
(16:01 / All) LovedAtOnePoint: gg
(16:02 / All) LovedAtOnePoint: GET TO THE MUSTANG
(16:02 / All) LovedAtOnePoint: GET TO THE MUSTANG
(16:08 / All) LovedAtOnePoint: GET TO THE MUSTANG
(16:08 / All) ddorf: gg
(16:09 / All) LovedAtOnePoint: GET TO THE MUSTANG